 Dungeon Crawl Stone Soup version 0.18-a0-1454-g5e6cd1e (webtiles) character file.

4324 KarvaRausku the Nimble (level 10, -5/73 HPs)
             Began as a Felid Chaos Knight on Mar 1, 2016.
             Killed by the air
             ... invoked by Gastronok
              (17 damage)
             ... on level 11 of the Dungeon.
             The game lasted 01:00:39 (12556 turns).

KarvaRausku the Nimble (Felid Chaos Knight)        Turns: 12556, Time: 01:00:39

Health: -5/73      AC: 25    Str: 11    XL:     10   Next: 11%
Magic:  0/17       EV:  4    Int: 14    God:    Xom [.....*]
Gold:   587        SH:  0    Dex: 16    Spells: 1 memorised, 12 levels left
                                        Lives:  0   Deaths: 3

rFire  . . .     SeeInvis +       - Unarmed
rCold  + . .     Gourm    .     (armour unavailable)
rNeg   + + +     Faith    .     (shield unavailable)
rPois  +         Spirit   +     (helmet unavailable)
rElec  .         Dismiss  .     (cloak unavailable)
rCorr  .         Reflect  .     (gloves unavailable)
SustAt .         Harm     .     (boots unavailable)
MR     +....     NoTele   +     u - amulet of guardian spirit
Stlth  ++++++....               v - ring of protection from cold
                                i - +4 ring of strength

@: tree-form, slowed, very slow, somewhat resistant to hostile enchantments,
very stealthy
A: no armour, no weapons or thrown items, (claws 0), (fangs 0), see invisible,
carnivore 3, clumsy 1, (speed 0), (poison resistance), screaming 1, (shaggy fur
0), slow metabolism 1, weak 1, (sharp paws)
a: Renounce Religion


You were on level 11 of the Dungeon.
You worshipped Xom.
You were Xom's teddy bear.
You were very full.
You were a tree.
You visited 1 branch of the dungeon, and saw 11 of its levels.
You also visited: Ossuary.

You collected 587 gold pieces.

Inventory:

Armour
 j - a +2 helmet of intelligence
 D - a +2 leather armour of fire resistance
Jewellery
 i - a +4 ring of strength (left branch)
 r - an uncursed ring of flight
 t - an uncursed ring of positive energy
 u - an amulet of guardian spirit (around neck)
 v - a ring of protection from cold (right branch)
 E - an uncursed amulet of faith
Wands
 e - a wand of slowing (15/48)
 n - a wand of acid (0/15)
 o - a wand of lightning (0/15)
 y - a wand of flame (40/48)
 G - a wand of lightning (0/15)
 H - a wand of iceblast (4/15)
Scrolls
 f - 2 scrolls of amnesia
 k - 8 scrolls of remove curse
 l - 4 scrolls of teleportation
 s - a scroll of immolation
 x - a scroll of random uselessness
 A - a scroll of identify
Potions
 b - 2 potions of berserk rage
 d - 2 potions of curing
 g - a potion of resistance {unknown}
 w - a potion of agility
 z - a potion of brilliance
 C - a potion of heal wounds {unknown}
Books
 h - a book of Enchantments

   Spells                             Type                      Level
   a - Cause Fear                     Hexes                        4
   b - Yara's Violent Unravelling     Hexes/Transmutation          5
   c - Silence                        Hexes/Air                    5
   d - Deflect Missiles               Charms/Air                   6
   e - Haste                          Charms                       6
   f - Discord                        Hexes                        8
Comestibles
 a - 3 meat rations
 c - 9 beef jerkies
 q - 16 royal jellies
 B - 2 chunks of flesh


   Skills:
 + Level 9.4 Fighting
 + Level 11.0 Dodging
 - Level 8.9 Stealth
 + Level 9.7 Unarmed Combat
 - Level 4.0 Spellcasting
 + Level 8.0 Hexes
 - Level 5.0 Evocations


You had 12 spell levels left.
You knew the following spells:

 Your Spells              Type           Power        Failure   Level  Hunger
a - Silence               Hex/Air        ##........   89%         5    ######.


Dungeon Overview and Level Annotations

Branches:
Dungeon (11/15)            Temple (0/1) D:5            Lair (0/8) D:11
    Orc (0/2) D:11

Altars:
Ashenzari
Cheibriados
Elyvilon
Kikubaaqudgha
Makhleb
Nemelex Xobeh
Okawaru
Pakellas
Ru
Sif Muna
Xom
Yredelemnul
Zin
The Shining One

Annotations:
D:7 Reinor's ghost, novice SpAK
D:11 Gastronok


Innate Abilities, Weirdness & Mutations

You cannot wear armour.
You are incapable of wielding weapons or throwing items.
((You have sharp claws.))
((You have razor-sharp teeth.))
You have supernaturally acute eyesight.
You are carnivorous and can eat meat at any time.
((You cover ground quickly.))
((You are covered in thick fur (AC +2).))
You have a slow metabolism.
((Your sharp claws are effective at attacking unaware monsters.))
You are clumsy. (Dex -2)
((Your system is resistant to poisons.))
You occasionally shout uncontrollably at your foes.
You are weak. (Str -2)


Message History

Gastronok is heavily wounded.
Gastronok bites you but does no damage.
You smack Gastronok!
Gastronok is heavily wounded.
You hit Gastronok.
Gastronok is heavily wounded.
Gastronok bites you!!
* * * LOW HITPOINT WARNING * * *
You are too injured to fight recklessly!
Drink which item? (? for menu, Esc to quit)
You feel better.
Gastronok no longer looks unusually strong.
Gastronok is no longer moving slowly.
Gastronok bites you but does no damage.
Gastronok seems less drained.
Gastronok waves his eye-stalks in wide circles.
The air twists around and strikes you!
Gastronok waves his eye-stalks in wide circles.
The air twists around and strikes you!
You die...
Xom thinks this is hilarious!

#.....#*, #..8$$8.#
#####.....#*,,#.......#
#.........#* ,#.......#
#.........# ,####.####
#.........#*,,,,,... ,,
#.........#*>, ,,... ,
#.........#***** * * *
#.........#############
#.....♣w...............
###########............
#....######## #....# *
#....# * #....# *
#....# * ###### *


You could see Gastronok.

Vanquished Creatures
  A hydra (D:11)
  A hill giant (D:10)
  A troll (D:9)
  A two-headed ogre (D:11)
  A wraith (D:10)
  10 yaks
  3 hungry ghosts
  A water moccasin (D:11)
  3 black bears
  3 orc warriors
  A phantom (D:8)
  4 sky beasts
  4 ogres
  6 centaurs
  2 big kobolds
  2 giant frogs
  5 scorpions
  6 wights
  A troll zombie (D:10)
  6 killer bees (D:9)
  A vampire bat (D:8)
  3 crimson imps
  A centaur zombie (Ossuary)
  4 human zombies
  A wasp zombie (D:8)
  5 hounds
  A jelly (D:7)
  A centaur skeleton (D:6)
  4 orc priests
  8 orc wizards
  A human skeleton (D:10)
  4 giant frog skeletons
  2 iguanas
  6 worker ants
  A hound zombie (D:8)
  3 mummies
  2 gnolls (D:7)
  A howler monkey skeleton (D:4)
  11 adders
  2 river rats (D:11)
  2 shadow imps
  3 adder zombies (Ossuary)
  An adder skeleton (D:4)
  3 worms
  2 dart slugs
  6 giant geckos
  22 orcs
  3 ball pythons
  6 bat skeletons (D:8)
  7 giant cockroaches
  10 hobgoblins
  3 jackals (D:5)
  4 quokkas
  17 bats
  A giant gecko zombie (D:8)
  6 giant newts
  5 goblins
  3 goblin zombies (Ossuary)
  10 hobgoblin zombies (Ossuary)
  A jackal zombie (Ossuary)
  14 kobolds
  6 kobold zombies (Ossuary)
  9 orc zombies (Ossuary)
  16 rats
  2 rat zombies (Ossuary)
  A plant (D:11)
287 creatures vanquished.

Vanquished Creatures (collateral kills)
  An ugly thing (D:10)
  2 wraiths (D:10)
  Sigmund (D:7)
  An elf zombie (D:10)
  A human zombie (D:10)
  Jessica (D:2)
  An ogre zombie (D:10)
  A hobgoblin (D:2)
9 creatures vanquished.

Vanquished Creatures (others)
  2 ball lightnings (D:6)
  4 fungi (D:11)
  A plant (D:11)
7 creatures vanquished.

Grand Total: 303 creatures vanquished

Notes
Turn   | Place    | Note
--------------------------------------------------------------
     0 | D:1      | KarvaRausku the Felid Chaos Knight began the quest for the Orb.
     0 | D:1      | Reached XP level 1. HP: 10/10 MP: 2/2
   289 | D:1      | XOM: harmless Hex miscast
   448 | D:1      | Reached XP level 2. HP: 9/14 MP: 3/3
   455 | D:1      | XOM is BORED!
   455 | D:1      | XOM: silly message
   520 | D:1      | XOM: confusion (+ monsters)
  1366 | D:2      | XOM: harmless Tloc miscast
  1377 | D:2      | Reached XP level 3. HP: 17/17 MP: 4/4
  1435 | D:2      | Noticed Jessica
  1436 | D:2      | XOM: chaos upgrade
  1444 | D:2      | Killed Jessica
  1663 | D:2      | Reached XP level 4. HP: 20/22 MP: 5/5
  1706 | D:2      | XOM: give mutations
  1706 | D:2      | Gained mutation: Your system is resistant to poisons. [Xom's grace]
  1706 | D:2      | Gained mutation: You possess an exceptional clarity of mind. [Xom's grace]
  1706 | D:2      | Gained mutation: You are agile. (Dex +2) [Xom's grace]
  1706 | D:2      | Gained mutation: Your muscles are strong. (Str +2) [Xom's grace]
  1797 | D:2      | XOM is BORED!
  1797 | D:2      | XOM: mild Trmt miscast
  1851 | D:2      | XOM: god gift: runed helmet {god gift}
  1861 | D:2      | XOM: silly message
  1870 | D:2      | Lost mutation: Your system is resistant to poisons. [potion of cure mutation]
  1870 | D:2      | Lost mutation: You possess an exceptional clarity of mind. [potion of cure mutation]
  1870 | D:2      | Lost mutation: Your muscles are strong. (Str +2) [potion of cure mutation]
  1870 | D:2      | Lost mutation: You are agile. (Dex +2) [potion of cure mutation]
  1943 | D:2      | Found a shimmering altar of Xom.
  2073 | D:3      | XOM: harmless Pois miscast
  2493 | D:3      | XOM is BORED!
  2493 | D:3      | XOM: mild Chrm miscast
  2554 | D:3      | XOM: colour smoke trail
  2623 | D:3      | Found a sacrificial altar of Ru.
  2721 | D:3      | Found a snail-covered altar of Cheibriados.
  2727 | D:3      | XOM: noise
  2733 | D:3      | XOM: butterfly on damage
  2828 | D:4      | Found a white marble altar of Elyvilon.
  2880 | D:4      | Reached skill level 1 in Stealth
  2909 | D:4      | Found a deep blue altar of Sif Muna.
  3021 | D:4      | Reached XP level 5. HP: 25/25 MP: 6/6
  3084 | D:4      | Found a glowing golden altar of the Shining One.
  3586 | D:5      | Entered Level 5 of the Dungeon
  3604 | D:5      | Noticed a centaur
  3607 | D:5      | XOM: potion effect (berserk rage)
  3611 | D:5      | Killed a centaur
  3611 | D:5      | Reached skill level 4 in Dodging
  3611 | D:5      | Gained mutation: You are covered in thick fur (AC +2). [Felid growth]
  3611 | D:5      | Reached XP level 6. HP: 15/30 MP: 7/7
  3709 | D:4      | XOM: colour smoke trail
  4044 | D:5      | Reached skill level 5 in Unarmed Combat
  4164 | D:5      | Reached skill level 5 in Fighting
  4475 | D:5      | Reached XP level 7. HP: 30/33 MP: 8/8
  4529 | D:5      | Found a staircase to the Ecumenical Temple.
  4632 | D:5      | XOM: cast spell 'Statue Form'
  4692 | D:6      | XOM: polymorph scorpion -> porcupine
  4707 | D:5      | Killed from afar by a shadow imp
  4708 | D:5      | Reached XP level 6. HP: 0/30 MP: 7/7
  4773 | D:5      | a porcupine changed into a hound
  4773 | D:5      | XOM: polymorph porcupine -> hound
  4906 | D:6      | Reached skill level 5 in Dodging
  4995 | D:6      | Found a burning altar of Makhleb.
  5043 | D:6      | Slain by a black bear
  5044 | D:6      | Reached XP level 5. HP: -5/26 MP: 6/6
  5057 | D:6      | XOM: noise
  5058 | D:6      | Killed a black bear
  5058 | D:6      | Reached skill level 5 in Stealth
  5058 | D:6      | Reached XP level 6. HP: 28/30 MP: 7/7
  5071 | D:6      | XOM: noise
  5110 | D:6      | XOM: confuse monster(s)
  5111 | D:6      | HP: 1/31 [wight/long sword (1)]
  5132 | D:6      | XOM: potion effect (experience)
  5132 | D:6      | Reached skill level 8 in Dodging
  5132 | D:6      | Reached skill level 5 in Evocations
  5132 | D:6      | Reached XP level 7. HP: 9/36 MP: 7/14
  5291 | D:5      | XOM: noise
  5453 | D:6      | XOM: cast spell 'Conjure Ball Lightning'
  5454 | D:6      | XOM: butterfly on damage
  5454 | D:6      | Reached XP level 8. HP: 20/40 MP: 15/15
  5454 | D:6      | HP: 3/60 [ball lightning[the player character] (17)]
  5454 | D:6      | XOM: butterfly on damage
  5606 | D:6      | XOM: vitrification
  5703 | D:6      | XOM: chaos upgrade
  6076 | D:7      | Learned a level 5 spell: Silence
  6142 | D:7      | XOM: 1-stop teleportation journey
  6156 | D:7      | XOM: butterfly on damage
  6158 | D:7      | XOM: blink monster(s)
  6160 | D:7      | XOM: cast spell 'Metabolic Englaciation'
  6297 | D:6      | XOM: divination: detect creatures
  6523 | D:7      | XOM: mild Erth miscast
  6702 | D:7      | Found a basalt altar of Yredelemnul.
  6702 | D:7      | XOM: harmless Ice miscast
  6724 | D:7      | XOM: enchant monster (bad)
  6996 | D:7      | XOM: divination: magic mapping
  7040 | D:6      | XOM: confuse monster(s)
  7067 | D:7      | Noticed Sigmund
  7071 | D:7      | XOM: swap monsters
  7076 | D:7      | XOM: summons 6 friendly demons
  7111 | D:7      | Killed Sigmund
  7111 | D:7      | Reached skill level 1 in Hexes
  7257 | D:7      | Noticed Reinor's ghost (novice SpAK)
  7262 | D:7      | XOM: swap monsters
  7334 | D:7      | XOM: god gift: 15 royal jellies
  7689 | D:7      | XOM: divination: detect creatures
  7696 | D:7      | XOM: summons friendly ufetubus
  7709 | D:7      | XOM: fog
  7715 | D:7      | Reached skill level 9 in Dodging
  7741 | D:8      | Found a sand-covered staircase.
  7750 | Ossuary  | Entered an ossuary
  7976 | Ossuary  | XOM: god gift: thick filigree amulet {god gift}
  7978 | Ossuary  | XOM: fog
  8061 | D:8      | Found a deep blue altar of Sif Muna.
  8061 | D:8      | XOM: 6-stop teleportation journey
  8128 | D:8      | XOM: 6-stop teleportation journey
  8212 | D:8      | Reached XP level 9. HP: 40/43 MP: 16/16
  8256 | D:8      | Found an iron altar of Okawaru.
  8272 | D:8      | XOM: potion effect (invisibility)
  8471 | D:8      | Found a glowing silver altar of Zin.
  8488 | D:8      | XOM: harmless Fire miscast
  8558 | D:8      | Found an ancient bone altar of Kikubaaqudgha.
  8664 | D:8      | XOM: harmless Conj miscast
  8880 | D:8      | XOM: cast spell 'Leda's Liquefaction'
  8886 | D:8      | XOM: harmless Fire miscast
  9034 | D:9      | Identified a scroll of acquirement
  9116 | D:8      | XOM: cast spell 'Statue Form'
  9457 | D:9      | Reached skill level 5 in Hexes
  9555 | D:9      | Found a shattered altar of Ashenzari.
  9561 | D:9      | XOM: mild Ice miscast
  9566 | D:9      | XOM: harmless Conj miscast
  9593 | D:9      | Reached XP level 10. HP: 9/49 MP: 3/17
  9671 | D:9      | XOM: noise
  9723 | D:9      | Found an oddly glowing altar of Pakellas.
  9852 | D:9      | Found a sparkling altar of Nemelex Xobeh.
 10035 | D:9      | XOM: divination: magic mapping
 10036 | D:9      | XOM: confuse monster(s)
 10040 | D:9      | XOM: divination: magic mapping
 10042 | D:9      | Reached skill level 10 in Dodging
 10464 | D:10     | Entered Level 10 of the Dungeon
 10789 | D:10     | Noticed a brown ugly thing
 10840 | D:10     | XOM: give mutations
 10840 | D:10     | Gained mutation: You are weak. (Str -2) [Xom's mischief]
 10840 | D:10     | Gained mutation: You occasionally shout uncontrollably at your foes. [Xom's mischief]
 10876 | D:10     | XOM: summons friendly white imp
 10897 | D:10     | Killed a brown ugly thing
 11361 | D:10     | Noticed a hill giant
 11381 | D:10     | XOM: cast spell 'Summon Small Mammal'
 11411 | D:10     | XOM: 2-stop teleportation journey
 11462 | D:10     | XOM: god gift: glowing leather armour {god gift}
 11486 | D:10     | XOM: cast spell 'Summon Hydra'
 11518 | D:10     | XOM: summons 6 friendly demons
 11569 | D:10     | Found an ancient bone altar of Kikubaaqudgha.
 11630 | D:11     | Noticed a hill giant
 11631 | D:11     | Noticed an iron golem
 11631 | D:11     | Noticed an iron golem
 11631 | D:11     | Noticed an iron golem
 11631 | D:11     | Noticed an iron golem
 11635 | D:11     | XOM: destruction
 11639 | D:11     | XOM: divination: magic mapping
 11703 | D:10     | XOM: fog
 11715 | D:10     | Killed a hill giant
 11813 | D:11     | XOM: harmless Summ miscast
 11819 | D:11     | XOM: noise
 11884 | D:11     | Noticed a four-headed hydra
 11955 | D:10     | XOM: harmless Chrm miscast
 12000 | D:10     | XOM: colour smoke trail
 12060 | D:10     | Gained mutation: Your system is resistant to poisons. [potion of mutation]
 12060 | D:10     | Gained mutation: You are clumsy. (Dex -2) [potion of mutation]
 12062 | D:11     | XOM: confuse monster(s)
 12066 | D:11     | Killed a four-headed hydra
 12066 | D:11     | Reached XP level 11. HP: 51/53 MP: 18/18
 12122 | D:11     | XOM: smoke on damage
 12148 | D:11     | Found a staircase to the Orcish Mines.
 12189 | D:11     | XOM: chaos upgrade
 12192 | D:11     | XOM: summons 2 friendly demons
 12196 | D:11     | XOM: potion effect (brilliance)
 12200 | D:11     | Reached skill level 11 in Dodging
 12231 | D:10     | XOM: harmless Hex miscast
 12398 | D:11     | XOM: 1-stop teleportation journey
 12405 | D:11     | XOM: medium Tloc miscast
 12451 | D:11     | XOM: enchant monster (good)
 12496 | D:11     | XOM: divination: magic mapping
 12499 | D:11     | Slain by an orc warrior
 12500 | D:11     | Reached XP level 10. HP: -3/49 MP: 0/17
 12512 | D:11     | XOM: cast spell 'Necromutation'
 12523 | D:11     | Noticed Gastronok
 12524 | D:11     | XOM: divination: detect items
 12531 | D:11     | XOM: enchant monster (bad)
 12539 | D:11     | XOM: confuse monster(s)
 12542 | D:11     | XOM: swap monsters
 12547 | D:11     | XOM: enchant monster (good)
 12556 | D:11     | Killed from afar by Gastronok

Vault maps used:
D:1:      dpeg_arrival_lava_altar
D:2:      marbit_many_paths, uniq_jessica
D:3:      overflow_temple_1_default, cheibriados_altar_wand_db, serial_glass,
          glass_columns_a, glass_columns_b, item_on_display_a,
          hangedman_decor_clover_reticule
D:4:      tso_metal_star, lemuel_crystal_altar, led_sif_pool, first_bread
D:5:      temple_doors_a
D:6:      makhleb_grotto_becter
D:7:      lemuel_crystal_altar, grunt_ogre_cave, sigmund_army
D:8:      kennysheep_mini_moat, nicolae_overflow_crystal_walls,
          kennysheep_vampire_church, nicolae_ossuary_entry_plus, basic_altar,
          serial_bayou_pond_d
D:9:      ashenzari_conservatory_becter, grunt_temple_overflow_open
D:10:     grunt_ministairs_9, minmay_crystal_room,
          lemuel_mausoleum_altar_kikubaaqudgha
D:11:     cheibrodos_stairvault_heist, grunt_lair_entry_orc_guard_hut,
          david_orc_3, uniq_gastronok
Ossuary:  ossuary_tomb_1

Skill      XL: |  1  2  3  4  5  6  7  8  9 10 11 |
---------------+----------------------------------+-----
Fighting       | 4 7 8 9 |  9.4
Unarmed Combat | 4 7 8 9 |  9.7
Stealth        | 1 5 8 |  8.9
Dodging        | 4 8 9 10 11 | 11.0
Spellcasting   | 4 |  4.0
Evocations     | 5 |  5.0
Hexes          | 2 5 7 8 |  8.0

Action                   |  1- 3 |  4- 6 |  7- 9 | 10-12 || total
-------------------------+-------+-------+-------+-------++-------
Melee: Unarmed           |    89 |   189 |   403 |   301 ||   982
Evoke: Wand              |       |     4 |    14 |     7 ||    25
  Use: Potion            |       |     9 |     2 |     5 ||    16
       Scroll            |       |     3 |     9 |     3 ||    15
 Stab: Sleeping          |     5 |    11 |    12 |     8 ||    36
       Distracted        |       |       |     3 |       ||     3
       Confused          |       |       |     1 |     3 ||     4
       Invisible         |       |       |     4 |     1 ||     5
  Eat: Chunk             |     9 |    13 |    20 |    13 ||    55
